 Dungeon Crawl Stone Soup version 0.28-a0-1234-g826d19b2e0 (webtiles) character file.

Game seed: 16153434812323268024

50 bearlyready the Ruffian (level 3, 0/31 HPs)
             Began as a Naga Transmuter on Dec 23, 2021.
             Slain by an ice beast (8 damage)
             ... on level 3 of the Dungeon.
             The game lasted 00:02:28 (2705 turns).

bearlyready the Ruffian (Naga Transmuter)           Turns: 2705, Time: 00:02:29

Health: 0/31       AC:  2    Str: 12    XL:     3   Next: 79%
Magic:  4/6        EV:  9    Int: 15    God:
Gold:   32         SH:  0    Dex: 11    Spells: 0/6 levels left

rFire   . . .      SeeInvis +     - Unarmed
rCold   . . .      Faith    .   (no shield)
rNeg    . . .      Spirit   .   a - +0 robe
rPois   +          Reflect  .   (no helmet)
rElec   .          Harm     .   (no cloak)
rCorr   .          Rampage  .   (no gloves)
Will    .....                   (no barding)
Stlth   +.........              (no amulet)
HPRegen 0.10/turn               (no ring)
MPRegen 0.10/turn               (no ring)

@: very slow
A: AC +1, large, see invisible, deformed body, poison resistance, slowness 2,
spit poison 1, naga tail 1
a: Spit Poison


You were on level 3 of the Dungeon.
You visited 1 branch of the dungeon, and saw 3 of its levels.

You collected 32 gold pieces.

Inventory:

Missiles
 c - 10 bolts
Armour
 a - a +0 robe (worn)
Jewellery
 g - a +6 ring of dexterity
Scrolls
 d - a scroll of summoning {unknown}
 f - a scroll of teleportation {unknown}
Potions
 b - 3 potions of curing {unknown}
 e - a potion of berserk rage {unknown}
 h - a potion of degeneration {unknown}


   Skills:
 - Level 1.0 Fighting
 - Level 1.5 Dodging
 + Level 3.8 Unarmed Combat
 - Level 2.0 Spellcasting
 + Level 3.0 Transmutations
 + Level 1.1 Poison Magic


You couldn't memorise any spells.
You knew the following spells:

 Your Spells              Type           Power      Damage    Failure   Level
a - Beastly Appendage     Tmut           20%        N/A       6%          1
b - Wereblood             Tmut           10%        N/A       10%         2
c - Spider Form           Tmut/Pois      7%         N/A       28%         3

Your spell library contained the following spells:

 Spells                   Type           Power      Damage    Failure   Level
 Ice Form                 Ice/Tmut       6%         N/A       75%         4


Dungeon Overview and Level Annotations

Branches:
Dungeon (3/15)

Altars:
Dithmenos


Innate Abilities, Weirdness & Mutations

Your serpentine skin is tough. (AC +1)
You have supernaturally acute eyesight. (SInv)
Armour fits poorly on your strangely shaped body.
Your system is resistant to poisons. (rPois)
You cover ground very slowly.
You can spit poison.
You have a snake-like lower body.


Message History

You climb downwards.
There is a stone staircase leading up here.
Found a stone staircase leading up.
Found a shadowy altar of Dithmenos.
h - a fizzy clear potion 2 rats and an ice beast come into view.
There are monsters nearby!
Casting: Wereblood (safe; 10% risk of failure)
Confirm with . or Enter, or press ? or * to list all spells.
The spell is quite dangerous to miscast (28% risk of failure)!
Continue anyway?
You turn into a venomous arachnid creature.
Your +0 robe melds into your body.
Aiming: Spit Poison (2% risk of failure)
Press: ? - help, Shift-Dir - straight line, f - ice beast
Aim: an ice beast The splash of poison misses the ice beast.
You hit the ice beast.
The ice beast is lightly wounded.
You hit the ice beast but do no damage.
The ice beast is lightly wounded.
The ice beast hits you. The ice beast freezes you.
You hit the ice beast but do no damage.
The ice beast is lightly wounded.
The ice beast completely misses you.
You hit the ice beast.
The ice beast is lightly wounded.
You have got your breath back.
The ice beast barely misses you.
You barely miss the ice beast.
The ice beast is lightly wounded.
The ice beast misses you.
You hit the ice beast.
The ice beast is moderately wounded.
The ice beast hits you. The ice beast freezes you!
Your transformation has ended.
Your +0 robe unmelds from your body.
The ice beast hits you.
* * * LOW HITPOINT WARNING * * *
The ice beast freezes you!
You die...

#. #. #.#### #....#
####.# #.# #.#
#######.#######PP♣P
#..@Yr.........PP≈♣
#.#####.#..#####P≈≈
#.###......#
....<......#
#.###...#.## #.#
#.###.# #<# #.....#
# #.###.###........
#...........#####


You could see an ice beast and a rat.

Vanquished Creatures
  An adder (D:2)
  A worm (D:2)
  2 dart slugs
  A ball python (D:2)
  4 endoplasms
  8 goblins
  5 hobgoblins
  A quokka (D:1)
  6 bats (D:1)
  A rat (D:1)
30 creatures vanquished.

Vanquished Creatures (others)
  3 plants (D:3)
3 creatures vanquished.

Grand Total: 33 creatures vanquished

Notes
Turn   | Place    | Note
-------+----------+-------------------------------------------
     0 | D:1      | bearlyready the Naga Transmuter began the quest for the
                  | Orb.
     0 | D:1      | Reached XP level 1. HP: 18/18 MP: 3/3
   474 | D:1      | Found a faded altar of an unknown god.
   512 | D:1      | Reached XP level 2. HP: 23/25 MP: 5/5
  1431 | D:2      | Reached XP level 3. HP: 23/31 MP: 4/6
  1526 | D:2      | Learned a level 2 spell: Wereblood
  1530 | D:2      | Learned a level 3 spell: Spider Form
  2284 | D:2      | Reached skill level 1 in Poison Magic
  2669 | D:3      | Found a shadowy altar of Dithmenos.
  2688 | D:3      | Noticed an ice beast
  2705 | D:3      | Slain by an ice beast

Illustrated notes

Levels and vault maps discovered:
D:1:      dpeg_arrival_round_c, layout_loops_ring,
          ebering_ecumenical_altar_abandoned
D:2:      layout_rooms, minmay_goblin_outpost
D:3:      layout_loops_ring, mainiacjoe_overflow_paths, serial_bayou,
          serial_bayou_lagoon_a, serial_bayou_shore_a, serial_bayou_ford_a,
          serial_bayou_shore_b, serial_shops, nicolae_shop_statue_plus,
          uniq_grinder

Skill      XL: |  1  2  3 |
---------------+----------+-----
Transmutations | 3 |  3.0
Poison Magic   | 1 |  1.1
Fighting       | |  1.0
Dodging        | |  1.5
Unarmed Combat | |  3.8
Spellcasting   | |  2.0

Action                   || total
-------------------------++-------
Melee: Unarmed           ||   105
       Headbutt          ||     3
 Cast: Beastly Appendage ||     4
       Spider Form       ||     1
 Abil: Spit Poison       ||     7
Armor: Robe              ||    21
Dodge: Dodged            ||    64

Table legend: (Time is in decaauts)
 A = Elapsed time spent in this place.
 B = Non-inter-level travel time spent in this place.
 C = Inter-level travel time spent in this place.
 D = Time resting spent in this place.
 E = Time spent auto-exploring this place.
 F = Levels seen in this place.
 G = Mean time per level.
                   A        B        C        D        E       F      G
               +--------+--------+--------+--------+--------+-----+--------+
         Total |   3122 |   3043 |     79 |    280 |   2467 |   3 | 1040.7 |
       Dungeon |   3122 |   3043 |     79 |    280 |   2467 |   3 | 1040.7 |
               +--------+--------+--------+--------+--------+-----+--------+

Top non-repeatable levels by time:
     D:1: 1668 daAuts
     D:2: 1393 daAuts
     D:3: 60 daAuts
